 Dungeon Crawl Stone Soup version 0.29.1-15-g9cfb28693d (webtiles) character file.

Game seed: 10908363625494181744

52 booth the Ducker (level 3, -1/28 HPs)
             Began as a Demonspawn Gladiator on May 2, 2023.
             Slain by a gnoll
             ... wielding a +0 spear
              (2 damage)
             ... on level 2 of the Dungeon.
             The game lasted 00:08:57 (1487 turns).

booth the Ducker (Demonspawn Gladiator)             Turns: 1487, Time: 00:08:57

Health: -1/28      AC:  4    Str: 16    XL:     3   Next: 60%
Magic:  3/3        EV: 12    Int:  9    God:
Gold:   25         SH:  0    Dex: 14    Spells: 2/2 levels left

rFire   + . .      SeeInvis .   a - +2 war axe
rCold   + . .      Faith    .   (no shield)
rNeg    . . .      Spirit   .   b - +0 leather armour
rPois   +          Reflect  .   c - +0 helmet
rElec   +          Harm     .   (no cloak)
rCorr   +          Rampage  .   (no gloves)
Will    .....                   (no boots)
Stlth   +.........              (no amulet)
HPRegen 0.09/turn               (no ring)
MPRegen 0.08/turn               (no ring)

@: resistant
A: weakness stinger 1
a: no special abilities


You were on level 2 of the Dungeon.
You visited 1 branch of the dungeon, and saw 2 of its levels.

You collected 25 gold pieces.

Inventory:

Hand Weapons
 a - a +2 war axe (weapon)
Missiles
 d - 3 throwing nets (quivered)
Armour
 b - a +0 leather armour (worn)
 c - a +0 helmet (worn)
Scrolls
 f - a scroll of blinking
Potions
 g - a potion of curing
 j - a potion of lignification


   Skills:
 + Level 2.6 Fighting
 + Level 3.1 Axes
 + Level 2.3 Throwing
 + Level 3.1 Dodging


You had 2 spell levels left.
You didn't know any spells.
Your spell library was empty.

Dungeon Overview and Level Annotations

Branches:
Dungeon (2/15)

Altars:

Shops:
D:1 (


Innate Abilities, Weirdness & Mutations

You have a small tail.


Message History

The gnoll hits you but does no damage.
The gnoll hits you from afar with a +0 spear!
The gnoll hits you from afar with a +0 spear.
Your butterfly disappears in a burst of colours!
The gnoll hits you from afar with a +0 spear.
Your butterfly disappears in a burst of colours!
Your butterfly disappears in a burst of colours!
The gnoll drinks a potion.
The gnoll suddenly seems more resistant.
You feel less wooden.
Your +0 helmet unmelds from your body.
Your +0 leather armour unmelds from your body.
The gnoll hits you from afar with a +0 spear!
Your butterfly disappears in a burst of colours!
The gnoll barely misses you.
The gnoll hits you from afar with a +0 spear.
You hit the gnoll.
The gnoll is lightly wounded.
The gnoll closely misses you. The gnoll hits you but does no damage.
The gnoll barely misses you. The gnoll hits you but does no damage.
You hit the gnoll.
The gnoll is moderately wounded.
The gnoll completely misses you. The gnoll misses you.
You hit the gnoll.
The gnoll is heavily wounded.
The gnoll hits you from afar with a +0 spear.
The gnoll hits you with a +0 spear.
* * * LOW HITPOINT WARNING * * *
You barely miss the gnoll.
The gnoll is heavily wounded.
The gnoll hits you from afar with a +0 spear.
* * * LOW HITPOINT WARNING * * *
The gnoll closely misses you. x2; The gnoll barely misses you.
You hit the gnoll but do no damage.
Your tail-slap misses the gnoll.
The gnoll is heavily wounded.
The gnoll closely misses you. The gnoll hits you but does no damage.
You slash the gnoll!
You kill the gnoll!
The gnoll hits you from afar with a +0 spear.
You die...

.##
####.#.####..###
#.#..# [.#
#....#.........#
# #! ##.. #.#
#.#####........#
.# # ### #.###.#
#......b.#.### #
......#
#.............
#. ....###
#..........<..
#. ....#
#.............
... ....#
#####.##......
..# ....#
#.@)g...(. ###
<...# #.##g.....
....# ### .....
....# .... #####
... .. .


You could see a gnoll and a goblin.

Vanquished Creatures
  3 gnolls (D:2)
  2 bats (D:1)
  3 endoplasms (D:1)
  3 goblins (D:1)
  6 hobgoblins
  3 kobolds
  3 quokkas (D:1)
  2 ball pythons (D:1)
  2 frilled lizards
  4 rats
31 creatures vanquished.

Vanquished Creatures (others)
  A plant (D:1)
1 creature vanquished.

Grand Total: 32 creatures vanquished

Notes
Turn   | Place    | Note
-------+----------+-------------------------------------------
     0 | D:1      | booth the Demonspawn Gladiator began the quest for the Orb.
     0 | D:1      | Reached XP level 1. HP: 16/16 MP: 1/1
   206 | D:1      | Found Pexza Horu's Weapon Emporium.
   211 | D:1      | Gained mutation: You have a small tail. [demonic ancestry]
   211 | D:1      | Reached XP level 2. HP: 22/22 MP: 2/2
  1235 | D:2      | Reached XP level 3. HP: 25/28 MP: 3/3
  1485 | D:2      | HP: 1/28 [gnoll/+0 spear (6)]
  1487 | D:2      | Slain by a gnoll

Illustrated notes

Levels and vault maps discovered:
D:1:      dpeg_arrival_tiny_j, layout_loops_cross, serial_shops,
          nicolae_shop_bloodbath_and_beyond, serial_bayou_pond_d,
          minmay_misc_feat_iff
D:2:      layout_rooms

Skill      XL: |  1  2 |
---------------+-------+-----
Throwing       | 2 |  2.3
Dodging        | 3 |  3.1
Axes           | 3 |  3.1
Fighting       | |  2.6

Action                   || total
-------------------------++-------
Melee: War axe           ||    88
       Tailslap          ||     4
Throw: Javelin           ||     1
  Use: Scroll            ||     7
       Potion            ||     4
 Stab: Distracted        ||     1
Armor: Leather armour    ||    24
       Skin              ||    16
Dodge: Dodged            ||    66
